 Dungeon Crawl Stone Soup version 0.29-a0-416-g83a48905f1 (webtiles) character file.

Game seed: 6373265820640432552

3175 hquester the Covert (level 9, -6/47 HPs)
             Began as a Spriggan Hunter on May 16, 2022.
             Mangled by an orc knight
             ... wielding a +0 glaive
              (31 damage)
             ... in a bailey.
             The game lasted 00:43:08 (6160 turns).

hquester the Covert (Spriggan Hunter)               Turns: 6160, Time: 00:43:09

Health: -6/47      AC:  7    Str:  7    XL:     9   Next: 63%
Magic:  10/10      EV: 24    Int: 12    God:
Gold:   317        SH:  0    Dex: 21    Spells: 8/8 levels left

rFire   . . .      SeeInvis +   a - +2 shortbow
rCold   + . .      Faith    .   (shield currently unavailable)
rNeg    . . .      Spirit   .   b - +0 robe
rPois   .          Reflect  .   (helmet restricted)
rElec   +          Harm     .   u - +4 cloak of Elyvilon's Outrage {Rampage rElec rC+ Slay+3}
rCorr   .          Rampage  +   (gloves unavailable)
Will    +....                   (boots unavailable)
Stlth   ++++++....              (no amulet)
HPRegen 0.15/turn               j - ring of flight
MPRegen 0.12/turn               (no ring)

@: flying, very quick
A: very small, no large weapons, unfitting armour, see invisible, speed 3
a: no special abilities


You were in a bailey.
You visited 1 branch of the dungeon, and saw 7 of its levels.
You also visited: Bailey.

You collected 317 gold pieces.

Inventory:

Hand Weapons
 a - a +2 shortbow (weapon)
 i - a +5 rapier
 t - a +0 dagger
Missiles
 l - 2 throwing nets
Armour
 b - a +0 robe (worn)
 u - the +4 cloak of Elyvilon's Outrage (worn) {Rampage rElec rC+ Slay+3}
   (You found it on level 4 of the Dungeon)

   Slay:      It affects your accuracy & damage with ranged weapons and melee
   (+3).
   rC:        It protects you from cold.
   rElec:     It insulates you from electricity.
   Rampage:   It bestows one free step when moving towards enemies.
Jewellery
 j - a ring of flight (left hand)
 n - a ring of protection from fire
Wands
 h - a wand of polymorph (1)
 s - a wand of charming (5)
Scrolls
 c - a scroll of immolation
 o - a scroll of teleportation
 r - a scroll of blinking
Potions
 d - 2 potions of haste
 e - a potion of ambrosia
 f - a potion of berserk rage
 g - a potion of heal wounds
 k - 2 potions of might
 m - a potion of resistance
 p - a potion of attraction
 q - a potion of brilliance {unknown}


   Skills:
 + Level 5.1 Fighting
 + Level 2.5 Short Blades
 + Level 8.7 Bows
 + Level 8.2 Dodging
 * Level 13.0 Stealth


You had 8 spell levels left.
You didn't know any spells.
Your spell library contained the following spells:

 Spells                   Type           Power      Damage    Failure   Level
 Apportation              Tloc           0%         N/A       32%         1
 Blink                    Tloc           0%         N/A       45%         2
 Sublimation of Blood     Necr           0%         N/A       45%         2
 Petrify                  Tmut/Erth      0%         N/A       97%         4
 Alistair's Intoxication  Tmut/Pois      0%         N/A       100%        5
 Irradiate                Conj/Tmut      0%         3d13      100%        5
 Manifold Assault         Tloc           0%         N/A       100%        5
 Storm Form               Tmut/Air       0%         N/A       100%        7


Dungeon Overview and Level Annotations

Branches:
Dungeon (7/15)             Temple (0/1) D:5          Bailey (1/1)

Altars:
Gozag
Beogh


Innate Abilities, Weirdness & Mutations

You are very small and have problems with some larger weapons.
You are too small for most types of armour.
You have supernaturally acute eyesight. (SInv)
You cover ground extremely quickly. (Speed+++)


Message History

You stick the orc like a pincushion!!!
You kill the orc!
The orc knight shouts!
The orc knight completely misses you.
The orc knight roars a battlecry!
The orc warrior goes into a battle-frenzy!
The orc warrior shouts!
You see here a +0 triple crossbow of freezing.
There is an open gate here.
a - a +2 shortbow (weapon)
Shoot: a) +2 shortbow
Press: ? - help, Q - select action, (/) - cycle Shift-Dir - straight line, f - orc knight
Aim: an orc knight, wielding a +0 glaive and wearing a +0 chain mail (70% to hit)
You shoot an arrow.
The arrow closely misses the orc knight.
Shoot: a) +2 shortbow
Press: ? - help, Q - select action, (/) - cycle Shift-Dir - straight line, f/p - orc knight
Aim: an orc knight, wielding a +0 glaive and wearing a +0 chain mail (70% to hit)
You shoot an arrow.
The arrow closely misses the orc knight.
Shoot: a) +2 shortbow
Press: ? - help, Q - select action, (/) - cycle Shift-Dir - straight line, f/p - orc knight
Aim: an orc knight, wielding a +0 glaive and wearing a +0 chain mail (70% to hit)
You shoot an arrow.
The arrow closely misses the orc knight.
Shoot: a) +2 shortbow
Press: ? - help, Q - select action, (/) - cycle Shift-Dir - straight line, f/p - orc knight
Aim: an orc knight, wielding a +0 glaive and wearing a +0 chain mail (70% to hit)
You shoot an arrow.
The arrow hits the orc knight but does no damage.
The orc knight completely misses you.
Shoot: a) +2 shortbow
Press: ? - help, Q - select action, (/) - cycle Shift-Dir - straight line, f/p - orc knight
Aim: an orc knight, wielding a +0 glaive and wearing a +0 chain mail (70% to hit)
You shoot an arrow. The arrow barely misses the orc knight.
The arrow hits the orc warrior.
The orc warrior is lightly wounded.
The orc knight hits you from afar with a +0 glaive!!
Ouch! That really hurt!
You die...

.≈≈≈...#########...≈≈≈.≈≈.....
......##.......##.............
.....##..#'#'#..##............
.....#..##)#)##..#............
....##.#########.##...........
....##.')#?.:#)'.##...........
....##.###.8.###.##...........
....##.')#.o.#)'.##...........
....##.####'####@##...........
....##..##∩)o##..#............
........##'''#o.##............
........##....o##.............
.≈≈≈....##....##...≈≈≈.≈≈.....
.##≈....#######....≈##)#≈≈....
.∩#≈...............≈#∩)##≈....
.)......................#≈....
.##≈...............≈##.##≈....


You could see an orc knight and an orc warrior (strong).

Vanquished Creatures
  The ghost of ytrimaz the Insei, a novice OpTm of Ashenzari (D:4)
  Duvessa (D:5)
  2 water moccasins
  13 orc warriors
  An ice beast (D:6)
  2 black bears
  A centaur (D:4)
  3 ogres
  A scorpion (D:4)
  A necrophage (D:4)
  Dowan (D:5)
  3 orc priests (D:4)
  A gnoll shaman (D:4)
  2 hounds (D:6)
  2 iguanas
  4 orc wizards
  11 gnolls
  An adder (D:5)
  A shadow imp (D:6)
  2 white imps (D:6)
  A worm (D:4)
  5 dart slugs
  34 orcs
  6 ball pythons
  3 bats
  7 endoplasms
  2 giant cockroaches (D:4)
  15 goblins
  6 hobgoblins
  4 jackals (D:1)
  5 kobolds
  A quokka (D:2)
  3 frilled lizards
  6 rats
152 creatures vanquished.

Notes
Turn   | Place    | Note
-------+----------+-------------------------------------------
     0 | D:1      | hquester the Spriggan Hunter began the quest for the Orb.
     0 | D:1      | Reached XP level 1. HP: 10/10 MP: 2/2
    40 | D:1      | Reached skill level 2 in Stealth
    78 | D:1      | Reached XP level 2. HP: 15/15 MP: 3/3
    79 | D:1      | Reached skill level 5 in Bows
   451 | D:1      | Reached skill level 3 in Stealth
   956 | D:2      | Reached XP level 3. HP: 18/18 MP: 4/4
  1171 | D:2      | Reached XP level 4. HP: 23/23 MP: 5/5
  1209 | D:2      | Found a faded altar of an unknown god.
  1225 | D:2      | Reached skill level 4 in Stealth
  2137 | D:4      | Reached XP level 5. HP: 27/27 MP: 6/6
  2149 | D:4      | Noticed a centaur
  2219 | D:4      | Found an opulent altar of Gozag.
  2252 | D:4      | Reached skill level 5 in Stealth
  2356 | D:4      | Noticed an ogre
  2361 | D:4      | Killed an ogre
  2362 | D:4      | Reached skill level 6 in Stealth
  2362 | D:4      | Reached XP level 6. HP: 32/32 MP: 7/7
  2383 | D:4      | Identified the +4 cloak of Elyvilon's Outrage {Rampage
                  | rElec rC+ Slay+3}
  2834 | D:4      | Reached skill level 5 in Dodging
  2834 | D:4      | Reached skill level 7 in Stealth
  2918 | D:4      | Found a runed translucent gate.
  2920 | D:4      | Found a runed translucent gate.
  2921 | D:4      | Found a runed translucent gate.
  2924 | D:4      | Noticed ytrimaz's ghost (novice OpTm)
  2931 | D:4      | Identified the +0 plate armour of Context {rC+}
  2931 | D:4      | Noticed an orc warrior
  2981 | D:4      | Reached XP level 7. HP: 10/36 MP: 8/8
  3632 | D:4      | Killed ytrimaz's ghost
  3633 | D:4      | Reached skill level 8 in Stealth
  3752 | D:4      | Reached skill level 9 in Stealth
  3811 | D:5      | Entered Level 5 of the Dungeon
  3876 | D:5      | Found a staircase to the Ecumenical Temple.
  3898 | D:5      | Reached XP level 8. HP: 42/42 MP: 9/9
  4012 | D:5      | Noticed Duvessa
  4034 | D:5      | Noticed Dowan
  4083 | D:5      | Killed Duvessa
  4084 | D:5      | Reached skill level 10 in Stealth
  4312 | D:5      | Killed Dowan
  4861 | D:6      | Reached skill level 11 in Stealth
  4900 | D:6      | Noticed a two-headed ogre
  5365 | D:6      | Reached XP level 9. HP: 46/46 MP: 10/10
  5903 | D:7      | Found a flagged portal.
  5937 | Bailey   | Entered a bailey
  5969 | Bailey   | Reached skill level 1 in Short Blades
  5969 | Bailey   | Reached skill level 12 in Stealth
  6069 | Bailey   | Reached skill level 5 in Fighting
  6139 | Bailey   | Reached skill level 13 in Stealth
  6146 | Bailey   | Noticed an orc knight
  6160 | Bailey   | Mangled by an orc knight

Illustrated notes

Levels and vault maps discovered:
D:1:      sevenhm_arrival_forest_fort_large_2, layout_loops_ring,
          kennysheep_crisscross
D:2:      layout_basic, ebering_ecumenical_altar_abandoned
D:3:      layout_loops_ring
D:4:      layout_gridville, mainiacjoe_overflow_alcove_1,
          biasface_ghost_orc_armoury, minivault_26
D:5:      layout_basic, minmay_temple_entry_crystal_x, serial_glass,
          glass_columns_b, glass_columns_a, glass_columns_a, glass_columns_b,
          glass_columns_a, uniq_duvessa
D:6:      layout_basic
D:7:      layout_basic, enter_bailey_5, lightli_ossuary_entry_decrepit_ruins
Bailey:   bailey_polearm_2, bailey

Skill      XL: |  1  2  3  4  5  6  7  8  9 |
---------------+----------------------------+-----
Stealth        | 2 3 4 6 7 9 11 13 | 13.0
Dodging        | 3 4 5 6 7 8 |  8.2
Bows           | 5 6 7 8 |  8.7
Fighting       | 2 3 4 5 |  5.1
Short Blades   | 2 |  2.5

Action                   |  1- 3 |  4- 6 |  7- 9 || total
-------------------------+-------+-------+-------++-------
Melee: Dagger            |       |     1 |       ||     1
       Rapier            |       |       |    87 ||    87
       Punch             |       |       |     1 ||     1
 Fire: Shortbow          |    66 |   115 |   198 ||   379
  Use: Scroll            |     3 |       |    13 ||    16
       Potion            |       |       |     2 ||     2
 Stab: Sleeping          |       |       |     7 ||     7
Armor: Robe              |       |     4 |    20 ||    24
Dodge: Dodged            |     9 |    11 |   143 ||   163

Table legend: (Time is in decaauts)
 A = Elapsed time spent in this place.
 B = Non-inter-level travel time spent in this place.
 C = Inter-level travel time spent in this place.
 D = Time resting spent in this place.
 E = Time spent auto-exploring this place.
 F = Levels seen in this place.
 G = Mean time per level.
                   A        B        C        D        E       F      G
               +--------+--------+--------+--------+--------+-----+--------+
         Total |   4255 |   4208 |     47 |    208 |   2224 |   8 |  531.9 |
       Dungeon |   4069 |   4022 |     47 |    208 |   2224 |   7 |  581.3 |
        Bailey |    185 |    185 |      0 |      0 |      0 |   1 |  185.0 |
               +--------+--------+--------+--------+--------+-----+--------+

Top non-repeatable levels by time:
     D:4: 1278 daAuts
     D:6: 750 daAuts
     D:5: 617 daAuts
     D:1: 585 daAuts
     D:3: 455 daAuts
     D:2: 331 daAuts
  Bailey: 185 daAuts
     D:7: 50 daAuts
